 Dungeon Crawl Stone Soup version 0.30-a0-924-g0ad0bf95bc (webtiles) character file.

Game seed: 6688509777723385435

165 retardedninja the Conjurer (level 5, -9/28 HPs)
             Began as a Deep Elf Conjurer on Mar 22, 2023.
             Killed by divine providence
             ... invoked by an orc priest
              (14 damage)
             ... on level 4 of the Dungeon.
             The game lasted 00:06:33 (3767 turns).

retardedninja the Conjurer (Deep Elf Conjurer)      Turns: 3767, Time: 00:06:33

Health: -9/28      AC:  2    Str:  3    XL:     5   Next: 21%
Magic:  23/23      EV: 13    Int: 23    God:
Gold:   126        SH:  0    Dex: 13    Spells: 11/14 levels left

rFire   + . .      SeeInvis .    f - +5 hammer "Moddoef" {protect, rElec rPois rF+ rN+++ Str-3}
rCold   . . .      Faith    .    (no shield)
rNeg    + + +      Spirit   .    a - +0 robe
rPois   +          Reflect  .    (no helmet)
rElec   +          Rampage  .    (no cloak)
rCorr   .                        (no gloves)
Will    .....                    (no boots)
Stlth   ++                       (no amulet)
HPRegen 0.24/turn                p - ring of magical power
MPRegen 0.18/turn                (no ring)

@: no status effects
A: no striking features
a: no special abilities


You were on level 4 of the Dungeon.
You visited 1 branch of the dungeon, and saw 4 of its levels.

You collected 126 gold pieces.

Inventory:

Hand Weapons
 f - the +5 hammer "Moddoef" (weapon) {protect, rElec rPois rF+ rN+++ Str-3}
   (You found it on level 3 of the Dungeon)

   Str:       It affects your strength (-3).
   rF:        It protects you from fire.
   rElec:     It insulates you from electricity.
   rPois:     It protects you from poison.
   rN:        It renders you almost immune to negative energy.
Armour
 a - a +0 robe (worn)
 q - a +1 cloak of willpower
Jewellery
 p - a ring of magical power (left hand)
Scrolls
 d - a scroll of identify {unknown}
 e - a scroll of poison
 h - a scroll of summoning {unknown}
 i - a scroll of noise {unknown}
 k - a scroll of fear {unknown}
 l - a scroll of enchant weapon {unknown}
 n - a scroll of amnesia {unknown}
 o - a scroll of teleportation {unknown}
Potions
 b - a potion of magic
 c - a potion of curing {unknown}
 g - a potion of heal wounds
 j - a potion of haste {unknown}


   Skills:
 + Level 3.7 Dodging
 + Level 3.9 Stealth
 * Level 5.0 Spellcasting
 + Level 5.1 Conjurations


You had 11 spell levels left.
You knew the following spells:

 Your Spells              Type           Power      Damage    Failure   Level
a - Magic Dart            Conj           100%       1d8       1%          1
b - Searing Ray           Conj           58%        2d6       1%          2

Your spell library contained the following spells:

 Spells                   Type           Power      Damage    Failure   Level
 Apportation              Tloc           10%        N/A       10%         1
 Dazzling Flash           Conj/Hex       34%        N/A       10%         3
 Fulminant Prism          Conj/Hex       8%         3d7       32%         4
 Iskenderun's Mystic Bla  Conj/Tloc      17%        2d5       32%         4
 Alistair's Intoxication  Tmut/Pois      3%         N/A       95%         5


Dungeon Overview and Level Annotations

Branches:
Dungeon (4/15)
 Temple: D:4-7

Altars:
Wu Jian


Message History

Confirm with . or Enter, or press ? or * to list all spells.
Aiming: Searing Ray (safe; 1% risk of failure)
Press: ? - help, Shift-Dir - straight line, f - orc
Aim: an orc, wielding a +0 mace (79% to hit)
The searing ray hits the orc.
You kill the orc! (Press . to maintain the ray.)
The orc hits you with a +0 hand axe.
* * * LOW HITPOINT WARNING * * *
Casting: Searing Ray (safe; 1% risk of failure)
Confirm with . or Enter, or press ? or * to list all spells.
Restarting spell: Searing Ray (safe; 1% risk of failure)
Press: ? - help, Shift-Dir - straight line, f - orc
Aim: an orc, wielding a +0 hand axe and wearing a +0 scale mail (82% to hit)
The searing ray hits the orc!
You kill the orc! (Press . to maintain the ray.) Unknown command.
You start resting.
Magic restored.
You start resting.
HP restored.
You start waiting.
Done waiting.
You climb downwards.
There is a stone staircase leading up here.
You climb upwards.
There is a stone staircase leading down here.
You climb downwards.
The orc priest mumbles some strange prayers to Beogh against you.
Beogh smites you!
The orc priest invokes the aid of Beogh against you.
Beogh smites you!
Ouch! That really hurt!
* * * LOW HITPOINT WARNING * * *
There is a stone staircase leading up here.
The orc priest invokes the aid of Beogh against you.
Beogh smites you!
Ouch! That really hurt!
You die...

##. .^ #..# #..
..o.########...
...............
...............
......o........
.......?.......
#...@# #...##
#..# #.. #. #.
#


You could see 2 orc priests.

Vanquished Creatures
  Crazy Yiuf (D:3)
  An adder (D:3)
  4 gnolls (D:3)
  4 worms
  2 dart slugs (D:1)
  4 orcs (D:3)
  6 endoplasms
  7 giant cockroaches
  8 goblins
  6 hobgoblins
  A quokka (D:1)
  5 ball pythons
  6 bats
  4 frilled lizards
  10 kobolds
  3 rats
72 creatures vanquished.

Vanquished Creatures (others)
  4 fungi (D:3)
  4 plants (D:2)
8 creatures vanquished.

Grand Total: 80 creatures vanquished

Notes
Turn   | Place    | Note
-------+----------+-------------------------------------------
     0 | D:1      | retardedninja the Deep Elf Conjurer began the quest for the
                  | Orb.
     0 | D:1      | Reached XP level 1. HP: 10/10 MP: 6/6
   137 | D:1      | Reached XP level 2. HP: 15/15 MP: 2/8
   650 | D:1      | Reached XP level 3. HP: 19/19 MP: 5/10
  1084 | D:2      | Found a faded altar of an unknown god.
  1985 | D:3      | Reached XP level 4. HP: 24/24 MP: 3/12
  1988 | D:3      | Learned a level 2 spell: Searing Ray
  2570 | D:3      | Reached skill level 5 in Conjurations
  2821 | D:3      | Found an ornate altar of the Wu Jian Council.
  3240 | D:3      | Identified the +6 hammer of Uveyty Wera {venom, Dex+3}
  3255 | D:3      | Found a runed translucent door.
  3256 | D:3      | Identified the +5 hammer "Moddoef" {protect, rElec rPois
                  | rF+ rN+++ Str-3}
  3256 | D:3      | Noticed Crazy Yiuf
  3265 | D:3      | Killed Crazy Yiuf
  3266 | D:3      | Reached XP level 5. HP: 28/28 MP: 7/14
  3537 | D:3      | Reached skill level 5 in Spellcasting
  3767 | D:4      | Killed from afar by an orc priest

Illustrated notes

Levels and vault maps discovered:
D:1:      sevenhm_arrival_forest_fort_large_4, layout_rooms
D:2:      layout_basic, shapermc_ecumenical_altar_pompeii,
          lexackson_kobold_supper
D:3:      layout_loops_cross, nzn_wu_jian_contemplation, uniq_crazy_yiuf_cottage
D:4:      layout_layer_cave, serial_shops, shop, uniq_duvessa, uniq_pikel,
          uniq_sigmund, uniq_eustachio

Skill      XL: |  1  2  3  4  5 |
---------------+----------------+-----
Stealth        | 3 |  3.9
Dodging        | 3 |  3.7
Spellcasting   | 4 5 |  5.0
Conjurations   | 5 |  5.1

Action                     |  1- 3 |  4- 6 || total
---------------------------+-------+-------++-------
  Melee: Unarmed           |     2 |       ||     2
         War axe           |     4 |     8 ||    12
         Mace              |       |     7 ||     7
   Cast: Magic Dart        |    88 |    28 ||   116
         Searing Ray       |       |    20 ||    20
    Use: Scroll            |       |     2 ||     2
         Potion            |       |     1 ||     1
   Stab: Sleeping          |     2 |       ||     2
 Armour: Robe              |     1 |     1 ||     2
  Dodge: Dodged            |     5 |    14 ||    19

Table legend: (Time is in decaauts)
 A = Elapsed time spent in this place.
 B = Non-inter-level travel time spent in this place.
 C = Inter-level travel time spent in this place.
 D = Time resting spent in this place.
 E = Time spent auto-exploring this place.
 F = Levels seen in this place.
 G = Mean time per level.
                   A        B        C        D        E       F      G
               +--------+--------+--------+--------+--------+-----+--------+
         Total |   3777 |   3615 |    162 |   1014 |   2189 |   4 |  944.2 |
       Dungeon |   3777 |   3615 |    162 |   1014 |   2189 |   4 |  944.2 |
               +--------+--------+--------+--------+--------+-----+--------+

Top non-repeatable levels by time:
     D:3: 1714 daAuts
     D:2: 1111 daAuts
     D:1: 938 daAuts
     D:4: 13 daAuts
